Unix xNetHack Version 7.1.0 - last build Jun 10 2022 16:52:22 (33bbff3b7d1ce07880d5c4b1c5efc7e91935e5b9). Game began 2022-07-02 09:03:13, ended 2022-07-02 15:11:24. Raisse, neutral female gnomish Wizard --- --.--- 0...-- -....-- |%....| ---.*...-- |...|....| |.----..-- |.*.||..| ------------ - |...|---- |......--..-- G.| |..-- |...........| (.....| .. ---..| -.......oG.........- -..- |....| |........-.....s..-- |...--.--.| --..........---- .| ---..... --.| --.....----- - |........|..| |.h...-- |...........-------------......- ---.......%*<.............|.......| |..........---------------......| --.--------- -----.-- -- -- Raisse the Conjurer St:13 Dx:14 Co:13 In:17 Wi:11 Ch:9 Neutral Dlvl:4 $:37 HP:0(20) Pw:23(30) AC:8 Xp:3/70 T:1501 Latest messages: d - a copper lock pick {4}. What do you want to adjust? [a-ehiklnor-uwCHT or ?*] d Adjust letter to what [dfgjmpqvx-zABD-GI-SU-Z] (? see used letters)? q Moving: q - a copper lock pick {4}. You see here a gray stone. You kill the coyote! You strike the coyote. The coyote bites! You miss the coyote. The coyote just misses! You miss the coyote. The coyote bites! You kill the coyote! You see here 2 coyote corpses. You see here a gray stone. You hear rumbling in the distance. You see here a blue gem. You hear some noises in the distance. You see here 2 black gems. With great effort you move the boulder. Click! You trigger a rolling boulder trap! Fortunately for you, no boulder was released. You see here 2 black gems. You swap places with the peaceful dwarf. You see here 2 black gems. You feel stronger! You must have been exercising diligently. You see here a gray stone. You miss the newt. The newt bites! You kill the newt! The gnome zombie scratches you! You destroy the gnome zombie! The iguana bites! The iguana just misses! You fall into a pit! You are still in a pit. You crawl to the edge of the pit. Suspend command not available. In what direction? h The spell hits the hobgoblin! The spell hits the iguana! You kill the iguana! The hobgoblin swings his curved sword. The hobgoblin just misses! The hobgoblin's skull cap blocks your attack. The hobgoblin swings his curved sword. The hobgoblin rends you! You die... Do you want your possessions identified? [ynq] (y) q Major events: Turn 1: Raisse the neutral female gnomish Wizard entered the dungeon 740: attained the rank of Conjurer (level 3) 808: entered the Gnomish Mines 1501: killed by a hobgoblin Inventory: Inventory: 264/700 weight (19/52 slots) Coins $ - 37 gold pieces {1} Weapons a - a blessed +1 quarterstaff (weapon in hands) {40} k - a cursed -1 stone orcish dagger {8} Armor c - an uncursed +0 pair of elven boots {15} C - an uncursed +0 cloak of magic resistance (being worn) {8} H - an uncursed +0 orcish helm (being worn) {23} Comestibles e - an uncursed partly eaten food ration {16} i - 2 uncursed lichen corpses {40} T - an uncursed tripe ration {10} Scrolls w - an uncursed scroll of teleportation {5} Potions n - an uncursed potion of healing {20} r - an uncursed potion of hallucination {20} s - an uncursed potion of extra healing {20} Wands o - an uncursed wand of opening (0:5) {7} Tools b - an uncursed blindfold {2} h - an uncursed towel {5} l - an uncursed mithril lantern {17} q - an uncursed copper lock pick {4} u - an uncursed tallow candle {2} Gems/Stones t - 2 uncursed worthless pieces of white glass {2} Raisse the Wizard's attributes: Background: You were a Conjurer, a level 3 female gnomish Wizard. You were neutral, nominally on a mission for Thoth who was opposed by Ptah (lawful) and Anhur (chaotic). You were bisexual. You were in the Gnomish Mines, on level 4. You entered the dungeon 1501 turns ago. You had 70 experience points, 10 more were needed to attain level 4. Basics: You had 0 out of 20 hit points. You had 23 out of 30 energy points (spell power). Your armor class was 8. Your wallet contained 37 zorkmids. Autopickup was on for '$!?/"=+' plus thrown, with exceptions. Final Characteristics: Your strength was 13 (limit:18/50). Your dexterity was 14 (limit:18). Your constitution was 13 (limit:18). Your intelligence was 17 (limit:19). Your wisdom was 11 (limit:18). Your charisma was 9 (limit:18). Final Status: You were not hungry. You were unencumbered. You were wielding a quarterstaff. You had basic skill with quarterstaff. Final Attributes: You were devoutly aligned. You were magic-protected. You had infravision. You were warded. You are dead. Miscellaneous: You never encountered a bones level. Total elapsed playing time was 37 minutes and 21 seconds. Vanquished creatures: 2 orc zombies an iguana 2 coyotes a hobbit a gnome zombie a gecko 3 jackals 2 foxes 2 goblins a sewer rat 2 grid bugs 5 lichens 3 kobold zombies 10 newts 36 creatures vanquished. No species were genocided or became extinct. Voluntary challenges: You were an atheist. You read items or engraved 2 times. You never genocided any monsters. You never polymorphed an object. You never changed form. You never touched an artifact. You used no wishes. You never scared an enemy with impunity. You were celibate. You never generated conflict. Achievements: You attained the rank of Conjurer. You entered the Gnomish Mines. You entered a shop. The Dungeons of Doom: levels 1 to 3 Level 1: Some fountains. Level 2: "spb" A tool shop, a grave. Stairs down to The Gnomish Mines. Level 3: The Gnomish Mines: levels 3 to 4 Level 3: Level 4: <- You were here. Final resting place for you, killed by a hobgoblin. Game over: __________ / \ / REST \ / IN \ / PEACE \ / \ | Raisse | | 37 Au | | killed by a | | hobgoblin | | | | | | 2022 | *| * * * | * _________)/\\_//(\/(/\)/\//\/|_)_______ Goodbye Raisse the Wizard... You died in The Gnomish Mines on dungeon level 4 with 464 points, and 37 pieces of gold, after 1501 moves. You were level 3 with a maximum of 20 hit points when you died.